 Dungeon Crawl Stone Soup version 0.26.1-11-gd32895ea62 (webtiles) character file.

Game seed: 7395504010685837337

165 bnorton916 the Chiller (level 5, -3/28 HPs)
             Began as a Deep Elf Ice Elementalist on July 6, 2021.
             Killed by divine providence
             ... invoked by an orc priest
              (8 damage)
             ... on level 4 of the Dungeon.
             The game lasted 00:05:13 (2999 turns).

bnorton916 the Chiller (Deep Elf Ice Elementalist)  Turns: 2999, Time: 00:05:14

Health: -3/28      AC:  2    Str:  5    XL:     5   Next: 22%
Magic:  11/14      EV: 14    Int: 21    God:
Gold:   192        SH:  0    Dex: 15    Spells: 2/13 levels left

rFire    . . .     SeeInvis .   n - +0 hand axe (venom)
rCold    . . .     Faith    .   (no shield)
rNeg     . . .     Spirit   .   a - +0 robe
rPois    .         Reflect  .   (no helmet)
rElec    .         Harm     .   (no cloak)
rCorr    .         Rampage  .   (no gloves)
Will     .....                  (no boots)
Stlth    ++........             (no amulet)
HPRegen  0.09/turn              (no ring)
MPRegen  0.14/turn              (no ring)

@: frozen ramparts
A: no striking features
a: no special abilities


You were on level 4 of the Dungeon.
You visited 1 branch of the dungeon, and saw 4 of its levels.

You collected 192 gold pieces.

Inventory:

Hand Weapons
 n - a +0 hand axe of venom (weapon)
Missiles
 h - 122 stones (quivered)
Armour
 a - a +0 robe (worn)
Scrolls
 c - a scroll of teleportation
 d - a scroll of enchant weapon {unknown}
 e - a scroll of remove curse {unknown}
 f - a scroll of noise {unknown}
 i - 5 scrolls of identify {unknown}
 j - a scroll of blinking {unknown}
 k - a scroll of enchant armour {unknown}
 l - a scroll of random uselessness {unknown}
 o - a scroll of magic mapping {unknown}
Potions
 b - 3 potions of curing {unknown}
 g - 2 potions of lignification {unknown}
 m - a potion of invisibility {unknown}
 p - 2 potions of haste {unknown}


   Skills:
 + Level 4.2 Dodging
 - Level 2.4 Stealth
 + Level 4.9 Spellcasting
 + Level 5.4 Ice Magic


You had 2 spell levels left.
You knew the following spells:

 Your Spells              Type           Power        Failure   Level
a - Freeze                Ice            100%         1%          1
b - Frozen Ramparts       Ice            56%          3%          3
c - Ozocubu's Armour      Ice            28%          3%          3
d - Hailstorm             Conj/Ice       16%          34%         4

Your spell library contained the following spells:

 Spells                   Type           Power        Failure   Level
 Summon Ice Beast         Ice/Summ       16%          34%         4


Dungeon Overview and Level Annotations

Branches:
Dungeon (4/15)
 Temple: D:4-7

Altars:
Ashenzari
Nemelex Xobeh


Message History

Beogh smites you!
Ouch! That really hurt!
An orc comes into view. It is wielding a +0 dagger.
Casting: Frozen Ramparts (dangerous; 3% risk of failure)
Confirm with . or Enter, or press ? or * to list all spells.
Casting: Frozen Ramparts (dangerous; 3% risk of failure)
Press: ? - help, Dir - look around, f - activate The walls around you are covered in ice.
The orc shouts!
Unknown command.
An orc comes into view. It is wielding a +0 falchion.
The wall freezes the orc.
The orc priest invokes the aid of Beogh against you.
Beogh smites you!
* * * LOW HITPOINT WARNING * * *
The orc shouts!
The wall freezes the orc.
The orc priest mumbles some strange prayers to Beogh against you.
Beogh smites you!
You die...

##..###
....8
.o...
....
#oo#
#o. #.#
#@# #.#
#.####
#...<#
####.#
#.# #.#
#.# #.#


You could see an orc priest and 3 orcs.

Vanquished Creatures
  A worker ant (D:3)
  A gnoll (D:1)
  3 adders
  2 oozes
  A worm (D:3)
  5 dart slugs
  4 leopard geckos
  4 orcs (D:3)
  10 bats
  4 giant cockroaches
  6 goblins
  7 hobgoblins
  5 jackals
  2 ball pythons (D:2)
  5 frilled lizards
  8 kobolds
  6 rats
74 creatures vanquished.

Notes
Turn   | Place    | Note
-------+----------+-------------------------------------------
     0 | D:1      | bnorton916 the Deep Elf Ice Elementalist began the quest
                  | for the Orb.
     0 | D:1      | Reached XP level 1. HP: 10/10 MP: 6/6
   284 | D:1      | Reached XP level 2. HP: 15/15 MP: 5/8
   593 | D:1      | Reached XP level 3. HP: 18/19 MP: 7/10
   597 | D:1      | Learned a level 3 spell: Frozen Ramparts
   601 | D:1      | Learned a level 3 spell: Ozocubu's Armour
  1559 | D:2      | Reached skill level 5 in Ice Magic
  1617 | D:2      | Reached XP level 4. HP: 24/24 MP: 8/12
  1955 | D:2      | Found a broken altar of Ashenzari.
  2555 | D:3      | Reached XP level 5. HP: 25/28 MP: 7/14
  2647 | D:3      | Learned a level 4 spell: Hailstorm
  2924 | D:4      | Found a sparkling altar of Nemelex Xobeh.
  2999 | D:4      | Killed from afar by an orc priest

Illustrated notes

Levels and vault maps discovered:
D:1:      dpeg_arrival_court, layout_basic, minmay_pentomino_t4
D:2:      layout_rooms, lemuel_crystal_altar
D:3:      layout_rooms
D:4:      layout_loops_ring, nemelex_xobeh_ov_fountains_minmay,
          cheibriados_altar_1, chequers_avenue

Skill      XL: |  1  2  3  4 |
---------------+-------------+-----
Dodging        | 3 4 |  4.2
Spellcasting   | 4 |  4.9
Ice Magic      | 5 |  5.4
Stealth        | |  2.4

Action                   |  1- 3 |  4- 6 || total
-------------------------+-------+-------++-------
Melee: Unarmed           |     2 |     8 ||    10
       Hand axe          |       |     7 ||     7
Throw: Stone             |     1 |       ||     1
 Cast: Freeze            |    51 |    40 ||    91
       Frozen Ramparts   |     1 |     7 ||     8
  Use: Scroll            |       |     1 ||     1
Armor: Robe              |    10 |     6 ||    16
Dodge: Dodged            |    41 |    35 ||    76
